Map: Old Sun Temple LE

Players

ViBE - Winner!

  • Race: Protoss Protoss
  • League: Master

DuckODeath

  • Race: Protoss Protoss
  • League: Silver

VOD

Have the link to the VOD?

Description

Time

  • Played on: Oct. 15, 2026, 7:43 p.m.
  • Length: 11:21
Show
View Real Time Build Order
Export as new Build Order

ViBE Protoss - Winner!

Build Orders: 1 Gate Expand 

Get SALT Encoding   

  12  0:00  Probe  
  13  0:13  Probe  
  14  0:18  Pylon  
  14  0:25  Probe  
  15  0:37  Probe (Chrono Boost)  
  15  0:41  Gateway  
  16  0:47  Probe (Chrono Boost)  
  17  0:51  Assimilator, Probe (Chrono Boost)  
  18  1:03  Probe  
  19  1:15  Probe  
  20  1:25  Nexus  
  20  1:27  Probe  
  21  1:37  Cybernetics Core  
  21  1:40  Probe  
  22  1:47  Pylon  
  22  1:52  Probe  
  23  2:00  Assimilator  
  23  2:05  Probe (Chrono Boost)  
  24  2:14  Stalker, Warp Gate  
  24  2:15  Probe (Chrono Boost)  
  27  2:20  Probe (Chrono Boost)  
  27  2:22  Pylon  
  28  2:31  Probe  
  29  2:37  Robotics Facility  
  29  2:39  Probe  
  29  2:43  Probe  
  31  2:45  Stalker  
  33  2:52  Shield Battery  
  33  2:54  Probe (Chrono Boost)  
  33  2:55  Probe (Chrono Boost)  
  35  3:04  Probe (Chrono Boost)  
  35  3:05  Probe (Chrono Boost)  
  37  3:08  Probe (Chrono Boost)  
  37  3:10  Probe (Chrono Boost)  
  39  3:13  Stalker  
  39  3:19  Probe  
  42  3:20  Pylon  
  42  3:22  Probe  
  43  3:29  Immortal  
  43  3:31  Probe  
  48  3:34  Probe  
  48  3:40  Stalker  
  51  3:44  Pylon  
  51  3:45  Probe  
  51  3:46  Probe  
  53  3:57  Probe  
  53  3:58  Probe  
  53  4:02  Nexus  
  55  4:10  Immortal  
  55  4:12  Probe  
  55  4:13  Probe  
  61  4:18  Stalker  
  61  4:21  Pylon  
  63  4:24  Pylon  
  63  4:26  Probe  
  63  4:27  Probe  
  65  4:31  Assimilator  
  65  4:34  Assimilator  
  65  4:36  Pylon  
  65  4:39  Probe x2 (Chrono Boost)  
  67  4:48  Stalker  
  67  4:49  Probe x2 (Chrono Boost)  
  67  4:51  Immortal (Chrono Boost)  
  75  4:55  Probe x2  
  77  5:07  Probe  
  77  5:08  Probe  
  79  5:15  Gateway x2  
  79  5:16  Probe  
  79  5:18  Stalker  
  79  5:19  Probe  
  79  5:20  Probe  
  84  5:24  Pylon  
  84  5:27  Immortal (Chrono Boost)  
  84  5:28  Probe  
  85  5:32  Probe x2  
  91  5:40  Probe  
  91  5:41  Stalker  
  94  5:44  Probe x2  
  96  5:54  Probe (Chrono Boost)  
  96  5:55  Nexus  
  96  5:56  Probe (Chrono Boost), Pylon  
  99  5:57  Probe (Chrono Boost)  
  99  5:59  Pylon  
  99  6:04  Assimilator x2  
  99  6:06  Probe x3 (Chrono Boost)  
  99  6:09  Pylon  
  99  6:10  Immortal, Pylon  
  102  6:14  Stalker, Probe x2  
  102  6:15  Probe  
  111  6:20  Stalker  
  111  6:23  Stalker  
  115  6:27  Probe x3  
  118  6:39  Probe x3  
  121  6:49  Stalker x3  
  121  6:51  Immortal (Chrono Boost), Probe x3  
  134  6:55  Forge  
  134  6:57  Forge  
  134  6:59  Gateway  
  134  7:00  Gateway  
  134  7:05  Gateway  
  134  7:07  Gateway  
  134  7:13  Stalker x3  
  140  7:24  Gateway  
  140  7:25  Immortal (Chrono Boost)  
  140  7:28  Gateway, Protoss Ground Weapons Level 1 (Chrono Boost)  
  140  7:29  Protoss Ground Armor Level 1 (Chrono Boost)  
  144  7:38  Stalker x2  
  144  7:39  Stalker  
  150  7:44  Pylon  
  150  7:47  Pylon, Assimilator  
  150  7:49  Pylon  
  150  7:51  Assimilator  
  150  8:03  Stalker x5  
  160  8:05  Stalker  
  160  8:09  Stalker  
  160  8:11  Observer  
  165  8:15  Nexus  
  165  8:17  Pylon  
  165  8:20  Pylon  
  165  8:29  Observer  
  165  8:30  Stalker x5  
  165  8:31  Stalker x3  
  165  8:34  Stalker  
  184  8:38  Pylon  
  184  8:47  Immortal  
  188  8:50  Twilight Council  
  186  8:56  Stalker x4  
  186  8:57  Stalker x3  
  200  9:07  Robotics Facility  
  200  9:09  Robotics Facility  
  200  9:11  Gateway  
  200  9:12  Gateway  
  200  9:15  Gateway  
  200  9:17  Gateway  
  200  9:44  Photon Cannon  
  192  9:47  Shield Battery  
  192  9:49  Photon Cannon  
  186  9:52  Shield Battery  
  186  9:55  Photon Cannon  
  186  9:57  Shield Battery  
  166  10:01  Photon Cannon  
  166  10:04  Shield Battery  
  150  10:07  Photon Cannon  
  150  10:09  Immortal (Chrono Boost), Shield Battery  
  150  10:10  Immortal x2 (Chrono Boost)  
  150  10:12  Stalker x4  
  150  10:13  Stalker x4  
  170  10:15  Stalker  
  170  10:17  Stalker  
  170  10:19  Stalker  
  168  10:22  Stalker  
  168  10:28  Stalker  
  166  10:46  Nexus  
  166  10:47  Pylon  
  166  10:49  Pylon  
  174  10:54  Stalker  
  174  10:56  Stalker  
  182  10:59  Stalker  
  182  11:01  Stalker  
  184  11:09  Stalker x3  
  184  11:10  Stalker  
  190  11:13  Stalker  
  190  11:17  Stalker  
Show
View Real Time Build Order
Export as new Build Order

DuckODeath Protoss 

Build Orders: 1 Gate Expand 

Get SALT Encoding   

  12  0:00  Probe  
  13  0:12  Probe  
  14  0:17  Pylon  
  14  0:25  Probe  
  15  0:37  Probe  
  16  0:43  Gateway  
  16  0:49  Probe (Chrono Boost)  
  17  0:56  Assimilator  
  17  1:01  Probe (Chrono Boost)  
  18  1:19  Nexus  
  18  1:32  Cybernetics Core  
  18  1:37  Pylon  
  18  1:39  Probe (Chrono Boost)  
  19  1:45  Assimilator  
  19  1:51  Probe (Chrono Boost)  
  20  1:59  Probe (Chrono Boost)  
  21  2:08  Pylon  
  21  2:10  Probe  
  21  2:13  Stalker  
  24  2:34  Probe x2 (Chrono Boost)  
  26  2:39  Warp Gate  
  26  2:41  Stalker  
  30  2:44  Probe (Chrono Boost)  
  30  2:45  Probe (Chrono Boost)  
  30  2:49  Probe x2 (Chrono Boost)  
  31  2:52  Pylon  
  32  3:00  Probe x2  
  34  3:09  Gateway  
  34  3:12  Probe x2  
  36  3:17  Robotics Facility  
  36  3:25  Stalker  
  36  3:26  Probe (Chrono Boost)  
  40  3:30  Probe (Chrono Boost)  
  40  3:38  Probe (Chrono Boost)  
  42  3:42  Probe (Chrono Boost)  
  42  3:43  Probe (Chrono Boost)  
  43  3:50  Probe  
  43  3:53  Stalker  
  46  3:59  Probe (Chrono Boost)  
  46  4:01  Sentry  
  50  4:07  Probe (Chrono Boost)  
  51  4:11  Pylon, Probe (Chrono Boost)  
  52  4:17  Probe x2 (Chrono Boost)  
  53  4:24  Nexus  
  53  4:25  Observer  
  53  4:26  Probe  
  53  4:27  Probe  
  53  4:28  Pylon  
  56  4:38  Probe  
  57  4:39  Probe  
  57  4:40  Stalker x2  
  57  4:43  Immortal  
  66  4:47  Pylon  
  66  4:54  Pylon  
  66  4:56  Gateway, Probe x2  
  66  4:58  Gateway  
  68  5:06  Stalker x2  
  72  5:08  Probe  
  72  5:13  Pylon  
  73  5:19  Twilight Council  
  73  5:21  Forge  
  73  5:23  Forge  
  73  5:30  Assimilator  
  73  5:33  Probe x2  
  73  5:34  Assimilator  
  75  5:38  Stalker  
  75  5:40  Stalker  
  79  5:45  Probe x2  
  81  6:11  Probe x3  
  84  6:19  Stalker x3  
  84  6:20  Stalker  
  84  6:21  Immortal  
  84  6:23  Probe x3  
  99  6:35  Protoss Ground Weapons Level 1  
  99  6:36  Protoss Air Armor Level 1  
  99  6:53  Pylon  
  99  6:56  Pylon  
  99  6:57  Stargate  
  99  6:58  Probe x3  
  102  7:04  Stalker x2  
  102  7:08  Zealot x2  
  110  7:10  Probe x2  
  112  7:17  Immortal  
  116  7:23  Assimilator  
  116  7:26  Probe x2, Assimilator  
  118  7:33  Probe  
  118  7:36  Nexus  
  119  7:37  Pylon  
  119  7:38  Probe x2, Stalker x2  
  119  7:39  Stalker  
  119  7:40  Stalker, Pylon  
  129  7:45  Probe  
  129  7:50  Probe x2  
  132  7:57  Templar Archives  
  132  8:04  Fleet Beacon  
  132  8:11  Gateway  
  132  8:13  Gateway  
  132  8:15  Gateway  
  132  8:20  Probe x3  
  132  8:26  Stalker x4  
  143  8:29  Immortal  
  143  8:32  Probe x2  
  149  8:34  Assimilator  
  149  8:38  Assimilator  
  149  8:41  Pylon  
  149  8:44  Pylon, Protoss Air Weapons Level 1  
  149  8:47  Probe  
  150  8:51  Zealot x3  
  150  8:52  Zealot  
  158  8:59  Gateway x2  
  158  9:00  Gateway  
  158  9:14  Immortal  
  168  9:17  Carrier  
  168  9:21  Stalker x2  
  168  9:22  Stalker x2  
  176  9:45  Stalker x4  
  166  9:46  Stalker x2  
  166  9:47  Stalker  
  128  10:01  Immortal  
  104  10:21  Stalker x5  
  97  10:22  Stalker x2  
  97  10:31  Nexus, Pylon x2  
  97  10:32  Pylon  
  97  10:33  Pylon  
  89  10:46  Stalker x4  
  89  10:47  Stalker x2  
Tags
 
Add a new tag
Caveats
  • Supply blocks, unpowered buildings, or Contaminate may cause inaccurate times.
  • Supply counts are checked every 10 seconds.